 Dungeon Crawl Stone Soup version 0.25.1-9-gc5326a611f (webtiles) character file.

Game seed: 5365472905161193597

97539 Dirian the Warrior (level 15, -3/149 HPs)
             Began as a Minotaur Fighter on Dec 25, 2020.
             Was the Champion of Makhleb.
             Killed by divine providence
             ... invoked by an orc priest
              (9 damage)
             ... on level 2 of the Orcish Mines.
             The game lasted 01:07:17 (22979 turns).

Dirian the Warrior (Minotaur Fighter)              Turns: 22979, Time: 01:07:17

Health: -3/149     AC: 23    Str: 24    XL:     15   Next: 72%
Magic:  22/22      EV:  7    Int:  9    God:    Makhleb [******]
Gold:   3099       SH: 13    Dex: 11    Spells: 14/14 levels left

rFire    . . .     SeeInvis +   H - +2 war axe (vorpal)
rCold    + . .     Gourm    .   c - +1 kite shield
rNeg     . . .     Faith    .   K - +0 plate armour
rPois    .         Spirit   .   N - +0 hat {MR+}
rElec    +         Reflect  .   S - +2 cloak {rCorr}
rCorr    +         Harm     .   l - +0 pair of gloves
MR       ++...                  L - +0 pair of boots
Stlth    ..........             o - amulet of regeneration
HPRegen  0.74/turn              I - ring of protection from cold
MPRegen  0.18/turn              s - ring "Sanunom" {+Fly rElec Str-2 Int+4 SInv}

@: very slightly contaminated
A: retaliatory headbutt, horns 2, mutation resistance 1, wild magic 1,
MP-powered wands
a: Minor Destruction, Lesser Servant of Makhleb, Major Destruction, Greater
Servant of Makhleb, Renounce Religion, Evoke Flight


You were on level 2 of the Orcish Mines.
You worshipped Makhleb.
Makhleb was exalted by your worship.
You were not hungry.

You visited 4 branches of the dungeon, and saw 22 of its levels.
You also visited: Sewer and Bailey.

You collected 3099 gold pieces.

Inventory:

Hand Weapons
 a - a +0 broad axe
 G - a +2 hand axe of flaming
 H - a +2 vorpal war axe (weapon)
 T - the +12 Vampire's Tooth {vamp}
   (You found it on level 2 of the Orcish Mines)

   It inflicts no extra harm, but heals its wielder when it wounds a living foe.
Armour
 c - a +1 kite shield (worn)
 i - a +0 crystal plate armour
 l - a +0 pair of gloves (worn)
 K - a +0 plate armour (worn)
 L - a +0 pair of boots (worn)
 N - a +0 hat of magic resistance (worn)
 S - a +2 cloak of preservation (worn)
Jewellery
 f - an uncursed ring of fire
 k - an uncursed ring of flight
 o - an amulet of regeneration (around neck)
 s - the ring "Sanunom" (right hand) {+Fly rElec Str-2 Int+4 SInv}
   (You acquired it on level 1 of the Lair of Beasts)

   [ring of see invisible]

   It affects your strength (-2).
   It affects your intelligence (+4).
   It insulates you from electricity.
   It lets you see invisible.
   It lets you fly.
 B - an uncursed amulet of reflection
 I - a ring of protection from cold (left hand)
 J - an uncursed ring of positive energy
 M - an uncursed ring of ice
 R - an uncursed amulet of the acrobat {unknown}
Wands
 u - a wand of enslavement (9)
 v - a wand of digging (7)
 C - a wand of clouds (10)
 D - a wand of iceblast (40)
 O - a wand of polymorph (7)
Scrolls
 p - a scroll of magic mapping
 r - 11 scrolls of identify
 t - 10 scrolls of teleportation
 x - 10 scrolls of remove curse
 z - 4 scrolls of blinking
 E - 3 scrolls of immolation
 F - 4 scrolls of enchant armour
 Q - a scroll of enchant weapon
Potions
 b - 2 potions of berserk rage
 d - 3 potions of might
 g - 4 potions of lignification
 h - 5 potions of haste
 j - 9 potions of flight
 m - a potion of ambrosia
 n - 2 potions of resistance
 q - 7 potions of curing
 w - 4 potions of heal wounds
 y - 4 potions of mutation
 A - 4 potions of invisibility
Comestibles
 e - 32 rations
 P - 5 chunks of flesh


   Skills:
 + Level 18.2 Fighting
 - Level 16.0 Axes
 + Level 15.2 Armour
 - Level 0.5 Dodging
 + Level 9.0 Shields
 * Level 11.3 Invocations
 - Level 5.3 Evocations


You had 14 spell levels left.
You didn't know any spells.
Your spell library contained the following spells:

 Spells                   Type           Power        Failure   Level  Hunger
 Animate Skeleton         Necr           N/A          100%        1    ##.....
 Apportation              Tloc           #.....       100%        1    ##.....
 Corona                   Hex            #......      100%        1    ##.....
 Infusion                 Chrm           #...         100%        1    ##.....
 Magic Dart               Conj           #...         100%        1    ##.....
 Summon Small Mammal      Summ           #...         100%        1    ##.....
 Searing Ray              Conj           #.....       100%        2    ###....
 Shroud of Golubria       Chrm/Tloc      #.....       100%        2    ###....
 Song of Slaying          Chrm           #.......     100%        2    ###....
 Dazzling Flash           Conj/Hex       #.....       100%        3    ####...
 Ignite Poison            Fire/Tmut/Pois #.......     100%        3    ####...
 Ozocubu's Armour         Chrm/Ice       #.......     100%        3    ####...
 Spectral Weapon          Hex/Chrm       #.......     100%        3    ####...
 Fulminant Prism          Conj/Hex       #.........   100%        4    #####..
 Iskenderun's Mystic Bla  Conj/Tloc      #.......     100%        4    #####..
 Fireball                 Conj/Fire      #.........   100%        5    ######.
 Starburst                Conj/Fire      #.........   100%        6    #######
 Ring of Flames           Chrm/Fire      #.........   100%        7    #######
 Ignition                 Fire           #.........   100%        8    #######


Dungeon Overview and Level Annotations

Branches:
Dungeon (13/15)            Temple (1/1) D:4            Lair (6/6) D:11
 Shoals (0/4) Lair:2       Spider (0/4) Lair:2          Orc (2/2) D:12
    Elf (0/3) Orc:2         Sewer (visited)          Bailey (visited)
  Slime: Lair:5-6    Vaults: D:13-14

Altars:
Ashenzari
Cheibriados
Dithmenos
Elyvilon
Fedhas
Gozag
Hepliaklqana
Kikubaaqudgha
Makhleb
Nemelex Xobeh
Okawaru
Qazlal
Ru
Sif Muna
Trog
Uskayaw
Vehumet
Wu Jian
Xom
Yredelemnul
Zin
The Shining One
Beogh

Shops:
D:12 =   Orc:2 **?

Annotations:
Lair:6 exclusion: 2 oklob plants


Innate Abilities, Weirdness & Mutations

You reflexively headbutt those who attack you in melee.
You have a pair of horns on your head.
You are somewhat resistant to further mutation.
Your spells are a little harder to cast, but a little more powerful.
You expend magic power (3 MP) to strengthen your wands.


Message History

The bolt of cold hits the sun demon!!!
The sun demon is frozen!
The sun demon dies!
The bolt of cold hits the smoke demon!!!
The smoke demon dies!
You hear a shout!
A demon appears!
The orc high priest barely misses your blizzard demon.
An orc warrior comes into view. It is wielding a +0 battleaxe.
A demon appears!
You block the orange demon's attack.
The orc high priest mumbles some strange prayers to Beogh against you.
Beogh smites you!
* * * LOW HITPOINT WARNING * * *
Your orange demon stings the orange demon from afar!
The orange demon looks as sick as possible!
Your orange demon poisons the orange demon!
Your blizzard demon hits the orange demon. x2
A demon appears!
The orc priest calls down the wrath of Beogh upon you.
Beogh smites you!
You die...

##...8...##....)...####.#[[#....
#8.......8..)8...8)####.'[.#...)
#...._.......)...)))(...#..#..⌠[
#8.......8...8...8)####.####[...
##...8...##........####.........
##.....##.........#..####.#####
##...##......#4o.#..)...)#...#
######.....##24##[.#....#...#
##.....#@44#####....##)##
#.....##..4##............
##..o..#....##.#####'###.#
#)33..##...###.#..#..)##.#
.....4)o..##o.o.# #.'..#...##.#
.........###.3.## ###..######[#
........## ..o## ########.[[
.8.....## #..4 ##.##.... ......#
##.##.....


You could see 2 orc high priests, an orange demon (summoned, extremely
poisoned), a rust devil (summoned), a neqoxec (summoned), an orc warrior, an orc
priest, a friendly blizzard demon (summoned), 2 friendly orange demons and 2
friendly hellwings.

Vanquished Creatures
  Gastronok (Lair:1)
  3 orc warlords
  The ghost of MajorAdolf the Unseen, a journeyman NaWn of Gozag (Lair:3)
  Nessos (Lair:4)
  Erolcha (D:9)
  An ice dragon (Lair:6)
  9 hydras
  7 two-headed ogres
  An alligator (Lair:6)
  6 death yaks (Lair:6)
  2 orc high priests (Orc:2)
  5 skeletal warriors
  3 unseen horrors
  A wolf spider zombie (D:13)
  An orb spider (shapeshifter) (D:13)
  2 lindwurms (Lair:6)
  An ugly thing (D:13)
  7 orc sorcerers (Orc:2)
  9 orc knights
  A wolf spider (Lair:6)
  A manticore (D:11)
  A deep elf mage (D:12)
  A cyclops (Orc:1)
  A guardian serpent (Lair:6)
  5 elephants (Lair:5)
  7 black mambas
  5 torpor snails (Lair:6)
  2 centaur skeletons (D:10)
  15 spiny frogs
  A kobold demonologist (D:11)
  A demonic crawler (Lair:2)
  The ghost of spanik the Covert, a novice OpAs of Uskayaw (D:5)
  12 komodo dragons
  7 rime drakes (Lair:2)
  11 trolls
  3 tyrant leeches (Lair:6)
  2 polar bears
  10 hornets
  3 dream sheep (Lair:4)
  28 blink frogs
  8 hippogriffs
  5 slime creatures
  2 redbacks (Lair:6)
  29 yaks
  2 spriggans
  A shadow (D:12)
  11 wyverns
  A wraith (D:9)
  2 basilisks
  Grum (D:9)
  A vampire mosquito (D:9)
  9 steam dragons
  17 wargs
  16 water moccasins
  An acid dragon (D:13)
  Duvessa (D:6)
  41 orc warriors
  7 porcupines
  A sky beast (D:10)
  Purgy (Sewer)
  An eye of draining (D:10)
  5 ice beasts
  19 ogres
  5 phantoms
  2 necrophages
  3 wolves (D:9)
  6 centaurs
  9 crocodiles
  4 big kobolds
  20 bullfrogs
  A wyvern zombie (D:12)
  8 gnoll sergeants (Bailey)
  9 scorpions
  A wyvern skeleton (D:8)
  Dowan (D:6)
  14 killer bees
  12 wights
  2 vampire bats (Lair:4)
  5 howler monkeys
  8 crimson imps
  2 centaur zombies
  4 bullfrog zombies
  6 hounds
  29 orc priests
  9 jellies
  6 gnoll shamans (Bailey)
  19 orc wizards
  3 iguanas
  15 worker ants
  2 hell rats (Lair:1)
  A hound zombie (D:6)
  2 worker ant zombies
  14 gnolls (Bailey)
  A howler monkey skeleton (D:9)
  20 adders
  12 river rats (Lair:1)
  2 shadow imps
  6 oozes
  An adder skeleton (D:4)
  An adder zombie (D:6)
  4 worms
  9 dart slugs
  6 leopard geckos
  144 orcs
  2 ball pythons
  6 giant cockroaches
  13 goblins
  10 hobgoblins
  19 jackals
  10 quokkas
  9 bats
  8 frilled lizards
  A goblin skeleton (D:4)
  A hobgoblin zombie (D:4)
  A jackal zombie (D:6)
  31 kobolds
  2 kobold skeletons (D:4)
  A kobold zombie (D:4)
  3 orc skeletons (D:4)
  8 rats
  8 fungi
  6 plants
929 creatures vanquished.

Vanquished Creatures (collateral kills)
  An orc knight (Orc:2)
  4 dream sheep (Lair:4)
  An orc warrior (D:10)
  4 orcs
10 creatures vanquished.

Vanquished Creatures (others)
  A rime drake (Lair:2)
  2 steam dragons (Lair:2)
  A scorpion (Lair:2)
  A worker ant (Lair:2)
  15 fungi
  14 plants
  7 toadstools (D:5)
41 creatures vanquished.

Grand Total: 980 creatures vanquished

Notes
Turn   | Place    | Note
-------+----------+-------------------------------------------
     0 | D:1      | Dirian the Minotaur Fighter began the quest for the Orb.
     0 | D:1      | Reached XP level 1. HP: 19/19 MP: 0/0
   199 | D:1      | Reached XP level 2. HP: 27/27 MP: 1/1
   313 | D:1      | Reached skill level 4 in Fighting
   533 | D:1      | Reached XP level 3. HP: 33/33 MP: 2/2
  1108 | D:2      | Reached XP level 4. HP: 40/40 MP: 3/3
  1902 | D:3      | Reached XP level 5. HP: 41/46 MP: 4/4
  2125 | D:4      | Reached skill level 5 in Axes
  2158 | D:4      | Reached skill level 5 in Shields
  2174 | D:4      | Reached XP level 6. HP: 52/53 MP: 5/5
  2293 | D:4      | Found a glowing golden altar of the Shining One.
  2502 | D:4      | Found a staircase to the Ecumenical Temple.
  2509 | Temple   | Entered the Ecumenical Temple
  2538 | Temple   | Became a worshipper of Makhleb the Destroyer
  2769 | D:4      | Reached skill level 5 in Armour
  3053 | D:5      | Entered Level 5 of the Dungeon
  3066 | D:5      | Reached XP level 7. HP: 60/60 MP: 6/6
  3071 | D:5      | Found a bloodstained altar of Trog.
  3072 | D:5      | Found a shadowy altar of Dithmenos.
  3073 | D:5      | Found an ornate altar of the Wu Jian Council.
  3085 | D:5      | Reached skill level 5 in Fighting
  3329 | D:5      | Reached * piety under Makhleb
  3361 | D:5      | Noticed a slime creature
  3361 | D:5      | Noticed a slime creature
  3361 | D:5      | Noticed a slime creature
  3388 | D:5      | Found a shimmering altar of Xom.
  3417 | D:5      | Reached XP level 8. HP: 69/69 MP: 7/7
  3580 | D:5      | Found a glowing drain.
  3591 | Sewer    | Entered a sewer
  3617 | Sewer    | Noticed Purgy
  3623 | Sewer    | Killed Purgy
  3729 | Sewer    | Gained mutation: Your body sometimes deteriorates upon
                  | taking damage. [potion of mutation]
  3729 | Sewer    | Gained mutation: You expend magic power (3 MP) to
                  | strengthen your wands. [potion of mutation]
  3729 | Sewer    | Gained mutation: Your mind is acute. (Int +2) [potion of
                  | mutation]
  3729 | Sewer    | Gained mutation: Your spells are a little harder to cast,
                  | but a little more powerful. [potion of mutation]
  3920 | D:5      | Killed a slime creature
  3920 | D:5      | Reached skill level 6 in Fighting
  4041 | D:5      | Found a runed translucent gate.
  4041 | D:5      | Noticed spanik's ghost (novice OpAs)
  4042 | D:5      | Found a runed translucent gate.
  4043 | D:5      | Found a runed translucent gate.
  4043 | D:5      | Found a roughly hewn altar of Beogh.
  4110 | D:5      | Reached ** piety under Makhleb
  4169 | D:5      | Killed spanik's ghost
  4169 | D:5      | Reached skill level 1 in Evocations
  4307 | D:5      | Lost mutation: Your body sometimes deteriorates upon taking
                  | damage. [potion of mutation]
  4307 | D:5      | Lost mutation: Your mind is acute. (Int +2) [potion of
                  | mutation]
  4307 | D:5      | Gained mutation: You do not regenerate when monsters are
                  | visible. [potion of mutation]
  4307 | D:5      | Gained mutation: Your muscles are strong. (Str +2) [potion
                  | of mutation]
  4307 | D:5      | Gained mutation: You are somewhat resistant to further
                  | mutation. [potion of mutation]
  4371 | D:6      | Found a shimmering blue altar of Sif Muna.
  4467 | D:6      | Found a shimmering blue altar of Sif Muna.
  4477 | D:6      | Found a white marble altar of Elyvilon.
  4510 | D:6      | Reached XP level 9. HP: 67/77 MP: 9/9
  4687 | D:6      | Reached skill level 1 in Invocations
  4728 | D:6      | Noticed Dowan
  4731 | D:6      | Noticed Duvessa
  4744 | D:6      | Killed Dowan
  4752 | D:6      | Killed Duvessa
  4752 | D:6      | Reached skill level 10 in Axes
  5442 | D:7      | Reached skill level 7 in Fighting
  5581 | D:7      | Reached *** piety under Makhleb
  5772 | D:7      | Reached XP level 10. HP: 46/86 MP: 11/11
  6490 | D:8      | Found an iron altar of Okawaru.
  6668 | D:8      | Reached **** piety under Makhleb
  6844 | D:8      | Noticed a two-headed ogre
  6856 | D:8      | Killed a two-headed ogre
  6856 | D:8      | Reached skill level 8 in Fighting
  7468 | D:9      | Noticed Grum
  7486 | D:9      | Killed Grum
  7493 | D:9      | Lost mutation: Your muscles are strong. (Str +2) [potion of
                  | mutation]
  7493 | D:9      | Lost mutation: Your spells are a little harder to cast, but
                  | a little more powerful. [potion of mutation]
  7493 | D:9      | Lost mutation: You do not regenerate when monsters are
                  | visible. [potion of mutation]
  7493 | D:9      | Gained mutation: Your spells are a little harder to cast,
                  | but a little more powerful. [potion of mutation]
  7637 | D:9      | Found a flagged portal.
  7657 | Bailey   | Entered a bailey
  7760 | Bailey   | Reached skill level 5 in Invocations
  7848 | Bailey   | Reached XP level 11. HP: 47/95 MP: 13/13
  7996 | Bailey   | Reached ***** piety under Makhleb
  8444 | D:9      | Reached skill level 5 in Evocations
  8444 | D:9      | Noticed Erolcha
  8471 | D:9      | Killed Erolcha
  8915 | D:9      | Noticed a two-headed ogre
  8926 | D:9      | Killed an unseen horror
  8926 | D:9      | Reached skill level 9 in Fighting
  8954 | D:9      | Killed a two-headed ogre
  9044 | D:10     | Entered Level 10 of the Dungeon
  9113 | D:10     | Noticed a two-headed ogre
  9126 | D:10     | Killed a two-headed ogre
  9412 | D:10     | Noticed a two-headed ogre
  9421 | D:10     | Killed a two-headed ogre
  9523 | D:10     | Noticed an orc knight
  9541 | D:10     | Killed an orc knight
  9635 | D:10     | Noticed an orc knight
  9663 | D:10     | Killed an orc knight
  9663 | D:10     | Reached XP level 12. HP: 87/106 MP: 14/16
  9714 | D:10     | Reached skill level 10 in Fighting
  9714 | D:10     | Noticed an orc warlord
  9736 | D:10     | Killed an orc warlord
 10110 | D:10     | Reached skill level 10 in Armour
 10254 | D:10     | Reached skill level 15 in Axes
 11011 | D:11     | Noticed a four-headed hydra
 11020 | D:11     | Killed a one-headed hydra
 11031 | D:11     | Reached ****** piety under Makhleb
 11088 | D:11     | Reached skill level 11 in Fighting
 11104 | D:11     | Found an iron altar of Okawaru.
 11112 | D:11     | Found a staircase to the Lair.
 11396 | D:11     | Noticed a four-headed hydra
 11407 | D:11     | Killed a one-headed hydra
 12037 | D:12     | Found a staircase to the Orcish Mines.
 12082 | D:12     | Found Qiuwipio's Jewellery Shop.
 12142 | D:12     | Reached XP level 13. HP: 117/117 MP: 18/18
 12155 | D:12     | Reached skill level 12 in Fighting
 12983 | D:13     | Reached skill level 13 in Fighting
 13720 | Lair:1   | Entered Level 1 of the Lair of Beasts
 13894 | Lair:1   | Noticed Gastronok
 13902 | Lair:1   | Killed Gastronok
 13902 | Lair:1   | Reached skill level 14 in Fighting
 14341 | Lair:1   | Identified a scroll of acquirement
 14341 | Lair:1   | Acquired the ring "Sanunom" {+Fly rElec Str-2 Int+4 SInv}
 14376 | Lair:2   | Found a staircase to the Shoals.
 14738 | Lair:2   | Found a hole to the Spider Nest.
 15203 | Lair:2   | Reached skill level 15 in Fighting
 15545 | Lair:3   | Found a transporter.
 15558 | Lair:3   | Noticed MajorAdolf's ghost (journeyman NaWn)
 15581 | Lair:3   | Found a transporter.
 15716 | Lair:3   | Reached XP level 14. HP: 135/135 MP: 18/20
 16468 | Lair:3   | Killed MajorAdolf's ghost
 17197 | Lair:4   | Noticed Nessos
 17220 | Lair:4   | Killed Nessos
 18418 | Lair:6   | Entered Level 6 of the Lair of Beasts
 18427 | Lair:6   | Reached skill level 16 in Fighting
 18503 | Lair:6   | Reached skill level 10 in Invocations
 19431 | Lair:6   | Reached XP level 15. HP: 137/146 MP: 21/21
 19677 | Lair:6   | Found a runed translucent door.
 19706 | Lair:6   | Reached skill level 17 in Fighting
 20550 | Orc:1    | Entered Level 1 of the Orcish Mines
 20695 | Orc:2    | Entered Level 2 of the Orcish Mines
 21705 | Orc:2    | Found a roughly hewn altar of Beogh.
 21705 | Orc:2    | Noticed an orc warlord
 21722 | Orc:2    | Killed an orc warlord
 21914 | Orc:2    | Found Den Kele's Magic Scroll Boutique.
 22192 | Orc:2    | Found Isoit's General Store.
 22205 | Orc:2    | Reached skill level 15 in Armour
 22376 | Orc:2    | Reached skill level 18 in Fighting
 22487 | Orc:2    | Found the +12 Vampire's Tooth {vamp}
 22582 | Orc:2    | Found a staircase to the Elven Halls.
 22671 | Orc:2    | Noticed an orc warlord
 22682 | Orc:2    | Found a roughly hewn altar of Beogh.
 22705 | Orc:2    | Killed an orc warlord
 22844 | Orc:2    | Found Finn's General Store.
 22964 | Orc:2    | HP: 2/149 [sun demon[an orc high priest] (16)]
 22979 | Orc:2    | Killed from afar by an orc priest

Illustrated notes

Levels and vault maps discovered:
D:1:      scummos_arrival_hexagon, layout_loops_ring
D:2:      layout_loops_cross
D:3:      layout_rooms
D:4:      kennysheep_slugbush, layout_basic,
          minmay_temple_entry_drinking_statues, nicolae_tso_besieged_by_evil
D:5:      cheibrodos_fertilizer, layout_basic,
          chequers_temple_overflow_statue_of_worship, first_ration,
          portal_sewer_entry_d, biasface_ghost_orc_armoury,
          grunt_decor_arrowhead, lemuel_altar_in_water
D:6:      layout_basic, amethyst_overflow_temple_binary, basic_altar,
          moated_statue, nicolae_benzene_ring, uniq_duvessa
D:7:      layout_basic, the_bakery, minmay_checkerbox
D:8:      layout_loops_corners, nicolae_overflow_crystal_walls, hex_medium
D:9:      minmay_chambers_of_sevens, layout_cave_pools, enter_bailey_3,
          uniq_grum, uniq_erolcha
D:10:     lemuel_castle_with_subvaults [lemuel_castle_interior_carwin_1],
          layout_irregular_city
D:11:     layout_stronghold, lair_entry_dummy, basic_altar
D:12:     layout_grid_maze, orc_0_dummy, serial_shops, shop
D:13:     layout_stronghold
Temple:   lightli_temple_of_artemis
Lair:1:   layout_misc_corridors, minivault_26, kennysheep_rathole,
          uniq_gastronok
Lair:2:   wander_river, layout_cave_pods, elwin_shoals_entry_rocks,
          nicolae_spider_entry_non_spiders, bobbens_dragon_lair_wall
Lair:3:   layout_cave_pods, gammafunk_ghost_arena
Lair:4:   layout_cave_pods, roderic_batcave, uniq_nessos
Lair:5:   layout_regular_city, serial_forest, infiniplex_forest_lined_room_2,
          infiniplex_forest_clump_medium, infiniplex_forest_lined_room_2,
          infiniplex_forest_split, infiniplex_forest_clump_curved,
          infiniplex_forest_clump_small, infiniplex_forest_fountain,
          infiniplex_forest_pool, infiniplex_forest_zigzag_2,
          grunt_forest_large_clearing_hut
Lair:6:   hangedman_lair_tendril_chambers, layout_loops_ring, wormcave,
          minmay_slime_entry_oklob_enclosed
Orc:1:    layout_diamond_mine
Orc:2:    pubby_orc_utopia

Skill      XL: |  1  2  3  4  5  6  7  8  9 10 11 12 13 14 15 |
---------------+----------------------------------------------+-----
Fighting       | 4 5 6 7 8 9 11 15 16 18 | 18.2
Armour         | 4 5 6 7 8 9 10 11 14 15 | 15.2
Shields        | 4 5 6 7 9 |  9.0
Axes           | 3 4 5 6 8 9 11 12 14 16 | 16.0
Evocations     | 1 3 4 5 |  5.3
Invocations    | 3 5 6 8 9 10 11 | 11.3
Dodging        | |  0.5

Action                   |  1- 3 |  4- 6 |  7- 9 | 10-12 | 13-15 || total
-------------------------+-------+-------+-------+-------+-------++-------
Melee: War axe           |    81 |   171 |   351 |   913 |  1368 ||  2884
       Headbutt          |    12 |    29 |    54 |   211 |   324 ||   630
       Hand axe          |       |       |       |    11 |    59 ||    70
Invok: Lesser Servant of |       |       |       |     4 |    13 ||    17
       Minor Destruction |       |       |       |       |     3 ||     3
       Greater Servant o |       |       |       |       |     1 ||     1
 Abil: Evoke Flight      |       |       |     1 |       |       ||     1
Evoke: Wand              |       |       |       |       |     2 ||     2
  Use: Scroll            |       |    14 |     3 |     7 |    11 ||    35
       Potion            |       |       |     9 |     7 |     1 ||    17
  Eat: Chunk             |     1 |     6 |     6 |    19 |    25 ||    57
       Ration            |       |       |     1 |     1 |     3 ||     5
Armor: Scale mail        |    44 |    25 |       |       |       ||    69
       Chain mail        |       |    35 |    93 |   111 |       ||   239
       Plate armour      |       |       |       |   141 |   516 ||   657
Dodge: Dodged            |    24 |    41 |    97 |   274 |   250 ||   686
Block: Kite shield       |    51 |    92 |   161 |   545 |   691 ||  1540
